 Dungeon Crawl Stone Soup version 0.31.0-9-g3a7656b989 (webtiles) character file.

Game seed: 409916966600524461

247 qw the Skirmisher (level 5, -6/29 HPs)
             Began as a Deep Elf Hunter on Feb 2, 2024.
             Was an Initiate of Okawaru.
             Mangled by Edmund
             ... wielding a +1 flail of protection
              (7 damage)
             ... on level 4 of the Dungeon.
             The game lasted 00:00:09 (2696 turns).

qw the Skirmisher (Deep Elf Hunter)                 Turns: 2696, Time: 00:00:10

Health: -6/29      AC: 10    Str: 10    XL:     5   Next: 85%
Magic:  7/7        EV: 11    Int: 17    God:    Okawaru [......]
Gold:   319        SH:  0    Dex: 18    Spells: 4/4 levels left

rFire   . . .        a - +4 shortbow (freeze)
rCold   . . .        (shield currently unavailable)
rNeg    . . .        k - +0 ring mail
rPois   +            c - +2 helmet {Int+3}
rElec   .            m - +0 cloak
rCorr   +            b - +0 pair of gloves
SInv    .            (no boots)
Will    .....        (no amulet)
Stlth   +            j - ring of resist corrosion
HPRegen 0.24/turn    l - ring of poison resistance
MPRegen 0.10/turn

%: no passive effects
@: no status effects
A: no striking features
a: Renounce Religion


You were on level 4 of the Dungeon.
You worshipped Okawaru.
Okawaru was noncommittal.
You visited 1 branch of the dungeon, and saw 4 of its levels.

You collected 319 gold pieces.


   Skills:
 - Level 1.5 Fighting
 + Level 8.5 Ranged Weapons
 - Level 2.3 Armour
 - Level 2.4 Dodging
 - Level 1.2 Stealth


You had 4 spell levels left.
You didn't know any spells.
Your spell library was empty.

Inventory:

Hand Weapons
 a - a +4 shortbow of freezing (weapon)
Armour
 b - a +0 pair of gloves (worn)
 c - a +2 helmet of intelligence (worn)
 k - a +0 ring mail (worn)
 m - a +0 cloak (worn)
Jewellery
 j - a ring of resist corrosion (left hand)
 l - a ring of poison resistance (right hand)
Wands
 i - a wand of roots (6)
Potions
 d - a potion of enlightenment
 e - a potion of magic {unknown}
 f - a potion of lignification {unknown}
 g - a potion of brilliance {unknown}
 h - 3 potions of curing
 q - a potion of experience {unknown}

Dungeon Overview and Level Annotations

Branches:
Dungeon (4/15)
 Temple: D:4-7

Altars:
Dithmenos
Fedhas
Hepliaklqana
Makhleb
Okawaru
Trog
Wu Jian
Zin

Annotations:
D:4 Edmund


Message History

The arrow hits Edmund but does no damage.
You shoot an arrow. The arrow hits Edmund.
The arrow freezes Edmund.
Edmund is lightly wounded.
Edmund hits you but does no damage.
You shoot an arrow. The arrow hits Edmund.
The arrow freezes Edmund.
Edmund is moderately wounded.
Edmund hits you with a +1 flail of protection.
You shoot an arrow. The arrow hits Edmund.
The arrow freezes Edmund.
Edmund is moderately wounded.
Edmund barely misses you.
Edmund hits you with a +1 flail of protection!
You shoot an arrow. The arrow hits Edmund.
The arrow freezes Edmund.
Edmund is moderately wounded.
Edmund hits you with a +1 flail of protection!
You shoot an arrow. The arrow hits Edmund.
The arrow freezes Edmund.
Edmund is heavily wounded.
Edmund hits you with a +1 flail of protection.
You shoot an arrow. The arrow hits Edmund.
The arrow freezes Edmund.
Edmund is heavily wounded.
Edmund hits you with a +1 flail of protection.
You shoot an arrow.
The arrow hits Edmund but does no damage.
Edmund is heavily wounded.
Edmund closely misses you.
You shoot an arrow. The arrow hits Edmund.
The arrow freezes Edmund.
Edmund is heavily wounded.
Edmund barely misses you.
You shoot an arrow. The arrow hits Edmund!
The arrow freezes Edmund.
Edmund is almost dead.
Edmund closely misses you.
You shoot an arrow.
The arrow hits Edmund but does no damage.
Edmund is almost dead.
Edmund closely misses you.
Edmund says, "I'm quite good with sums, too."
Edmund hits you with a +1 flail of protection.
You shoot an arrow. The arrow closely misses Edmund.
Edmund hits you with a +1 flail of protection!
You die...
Edmund whines, "They better pay attention to me now!"

#.....#.........+
##....#.........#
##...##.....##..#
#....##.....# ..#
#...........# .#
##..........##. #
#.......(.....
#.....?.......
#.....@@......
########..###. .#
.. .. .. =


You could see Edmund.

Vanquished Creatures
  A black bear (D:4)
  A sleepcap (D:4)
  8 adders
  3 dart slugs
  An orc (D:3)
  4 endoplasms
  5 giant cockroaches
  6 goblins
  A hobgoblin (D:3)
  4 jackals (D:2)
  A quokka (D:2)
  7 ball pythons
  7 bats
  2 frilled lizards
  6 kobolds
  4 rats
61 creatures vanquished.

Notes
Turn   | Place    | Note
-------+----------+-------------------------------------------
     0 | D:1      | qw the Deep Elf Hunter began the quest for the Orb.
     0 | D:1      | Reached XP level 1. HP: 12/12 MP: 3/3
     0 | D:1      | 0 ||| qw: Version: 0.3-a-155-g5e7d8dd
     0 | D:1      | 0 ||| qw: Game counter: 2701
     0 | D:1      | 0 ||| qw: Melee chars always use a shield: true
     0 | D:1      | 0 ||| qw: God list: Okawaru
     0 | D:1      | 0 ||| qw: Allow faded altars: false
     0 | D:1      | 0 ||| qw: Do Orc after clearing Dungeon:15 true
     0 | D:1      | 0 ||| qw: Do second Lair branch before Depths: true
     0 | D:1      | 0 ||| qw: Lair rune preference: random
     0 | D:1      | 0 ||| qw: Goals: Normal
     0 | D:1      | 0 ||| PLANNING D:1-11
   143 | D:1      | Reached XP level 2. HP: 16/16 MP: 4/4
   249 | D:1      | Reached skill level 6 in Ranged Weapons
   754 | D:1      | 754 ||| UPGRADING to +0 ring mail.
   764 | D:1      | 764 ||| DROPPING +0 leather armour.
   765 | D:1      | 765 ||| UPGRADING to ring of resist corrosion.
   766 | D:1      | 766 ||| READING 3 scrolls labelled KIT QONAMUTE.
   766 | D:1      | 766 ||| ENCHANTING +0 shortbow.
   767 | D:1      | 767 ||| READING 2 scrolls of enchant weapon.
   767 | D:1      | 767 ||| ENCHANTING +1 shortbow.
   768 | D:1      | 768 ||| READING scroll of enchant weapon.
   768 | D:1      | 768 ||| ENCHANTING +2 shortbow.
   769 | D:1      | 769 ||| READING scroll labelled JORIMUCERU.
   769 | D:1      | Identified a scroll of acquirement
   769 | D:1      | 769 ||| ACQUIRING +1 helmet of intelligence
   769 | D:1      | Acquired a +1 helmet of intelligence
   771 | D:1      | 771 ||| UPGRADING to +1 helmet of intelligence.
   776 | D:1      | 776 ||| READING scroll labelled LICYLU ARUYKH.
   776 | D:1      | 776 ||| IDENTIFYING 2 puce potions
   777 | D:1      | 777 ||| READING scroll labelled DELEOR BAJUOGH.
   778 | D:1      | 778 ||| READING scroll labelled GUNTUM IRIWYLO.
   778 | D:1      | 778 ||| ENCHANTING +1 helmet of intelligence.
   779 | D:1      | 779 ||| DROPPING scroll of butterflies.
   849 | D:2      | 849 ||| RETREEEEATING.
   853 | D:2      | Reached XP level 3. HP: 20/20 MP: 5/5
   894 | D:2      | Found a faded altar of an unknown god.
   987 | D:2      | Reached skill level 7 in Ranged Weapons
  1480 | D:2      | 1480 ||| UPGRADING to +0 cloak.
  1485 | D:2      | 1485 ||| READING scroll labelled TOOTZE UKHOYQO.
  1486 | D:2      | 1486 ||| READING 3 scrolls labelled NYAMOL CUOX.
  1487 | D:2      | 1487 ||| READING scroll labelled ASUQEU URHAI.
  1488 | D:2      | 1488 ||| READING scroll labelled BUFYTTI LEZU.
  1488 | D:2      | 1488 ||| BRANDING +3 shortbow.
  1489 | D:2      | 1489 ||| READING scroll labelled YSAZAU HEAPN.
  1490 | D:2      | 1490 ||| READING scroll labelled RIOPUQ DELE.
  1491 | D:2      | 1491 ||| DRINKING 2 lumpy yellow potions.
  1492 | D:2      | 1492 ||| DROPPING 2 scrolls of poison.
  1494 | D:2      | 1494 ||| Stepping ~*~*~tactically~*~*~ (cloud).
  1572 | D:3      | Reached XP level 4. HP: 25/25 MP: 6/6
  1701 | D:3      | Found a hazy altar of Hepliaklqana.
  1756 | D:3      | Reached skill level 8 in Ranged Weapons
  1938 | D:3      | 1938 ||| READING scroll of enchant weapon.
  1938 | D:3      | 1938 ||| ENCHANTING +3 shortbow of freezing.
  2307 | D:3      | Found a shadowy altar of Dithmenos.
  2314 | D:3      | Found an iron altar of Okawaru.
  2315 | D:3      | 2315 ||| PLANNING OKAWARU WORSHIP
  2315 | D:3      | 2315 ||| UPGRADING to ring of poison resistance.
  2316 | D:3      | 2316 ||| DROPPING ring of flight.
  2317 | D:3      | 2317 ||| READING scroll of identify.
  2317 | D:3      | 2317 ||| IDENTIFYING amethyst potion
  2318 | D:3      | 2318 ||| READING scroll labelled ROUCOKHLUGA.
  2419 | D:3      | 2419 ||| READING scroll labelled CIYCVEUPPE.
  2422 | D:3      | 2422 ||| READING scroll labelled OTAPSI YCSUM.
  2423 | D:3      | 2423 ||| DROPPING potion of attraction.
  2458 | D:3      | Became a worshipper of Warmaster Okawaru
  2459 | D:3      | 2459 ||| PLANNING D:1-11
  2466 | D:3      | Found a bloodstained altar of Trog.
  2473 | D:3      | Found a glowing silver altar of Zin.
  2481 | D:3      | Found an ornate altar of the Wu Jian Council.
  2492 | D:3      | Found a blossoming altar of Fedhas.
  2503 | D:3      | Found a burning altar of Makhleb.
  2508 | D:3      | 2508 ||| UPGRADING to +0 pair of gloves.
  2552 | D:4      | Noticed a black bear
  2556 | D:4      | Killed a black bear
  2557 | D:4      | Reached XP level 5. HP: 29/29 MP: 7/7
  2682 | D:4      | Noticed Edmund
  2690 | D:4      | HP: 5/29 [Edmund/+1 flail of protection (4)]
  2695 | D:4      | HP: 1/29 [Edmund/+1 flail of protection (4)]
  2696 | D:4      | Mangled by Edmund

Levels and vault maps discovered:
D:1:      psy_arrival_statuary, layout_basic, dreamdust_wishing_well,
          minmay_fountain_box
D:2:      layout_loops_cross, shapermc_ecumenical_altar_mp_ritualfount,
          minmay_tall_x
D:3:      layout_loops_ring, nzn_hepliaklqana_mist_gate,
          grunt_temple_overflow_octagram, minmay_joined_circles
D:4:      layout_gridville, nicolae_custom_books, minmay_tree_intersection,
          eino_small_chamber_without_monster, uniq_edmund, uniq_robin

Skill      XL: |  1  2  3  4 |
---------------+-------------+-----
Ranged Weapons | 6 7 8 |  8.5
Armour         | 2 |  2.3
Fighting       | |  1.5
Dodging        | |  2.4
Stealth        | |  1.2

Action                     |  1- 3 |  4- 6 || total
---------------------------+-------+-------++-------
   Fire: Shortbow          |   102 |    66 ||   168
    Use: Scroll            |    13 |     5 ||    18
         Potion            |     1 |       ||     1
 Armour: Leather armour    |     7 |       ||     7
         Ring mail         |    12 |    26 ||    38
  Dodge: Dodged            |    24 |    11 ||    35

Table legend:
 A = Non-vault XP
 B = Vault XP
 C = Vault XP percentage of total XP
 D = Non-vault monster count
 E = Vault monster count
 F = Vault count percentage of total count
                 A         B        C        D         E       F
            +---------+---------+-------+---------+---------+-------
      Total |     310 |      44 |  12.4 |      49 |      12 |  19.7
            +---------+---------+-------+---------+---------+-------
        D:1 |      28 |       0 |   0.0 |      18 |       0 |   0.0
        D:2 |      47 |       7 |  13.0 |      16 |       4 |  20.0
        D:3 |      58 |      37 |  38.9 |      12 |       8 |  40.0
        D:4 |     177 |       0 |   0.0 |       3 |       0 |   0.0
            +---------+---------+-------+---------+---------+-------
